 Dungeon Crawl Stone Soup version 0.23.2-1-ga50397a (webtiles) character file.

Game seed: 1603604845910740509

83735 shadizar the Protected (level 15, -4/97 HPs)
             Began as a Gargoyle Fighter on May 11, 2019.
             Was the Champion of the Shining One.
             Slain by a two-headed ogre
             ... wielding a +0 giant club
              (14 damage)
             ... on level 1 of the Orcish Mines.
             The game lasted 00:54:40 (25043 turns).

shadizar the Protected (Gargoyle Fighter)          Turns: 25043, Time: 00:54:40

Health: -4/97      AC: 36    Str: 25    XL:     15   Next: 78%
Magic:  20/20      EV: 11    Int: 10    God:    the Shining One [******]
Gold:   1939       SH: 13    Dex: 12    Spells: 14/14 levels left

rFire    . . .     SeeInvis .   E - +9 staff of Olgreb {rPois}
rCold    + + .     Gourm    .   c - +0 shield
rNeg     + + +     Faith    .   e - +0 plate armour
rPois    ∞         Spirit   .   Z - +0 helmet
rElec    +         Reflect  .   a - +1 cloak
rCorr    .         Harm     .   n - +0 pair of gloves {Dex+3}
MR       +....                  h - +2 pair of boots {run}
Stlth    ..........             G - amulet of regeneration
HPRegen  0.66/turn              F - ring of protection from cold
MPRegen  0.17/turn              C - ring of protection from cold

@: flying, glowing, quick
A: big wings, negative energy resistance 1, electricity resistance, unbreathing,
petrification resistance, rot immunity, AC +11
a: Stop Flying, Divine Shield, Cleansing Flame, Summon Divine Warrior, Brand
Weapon With Holy Wrath, Renounce Religion


You were on level 1 of the Orcish Mines.
You worshipped the Shining One.
The Shining One was exalted by your worship.
You were not hungry.

You visited 4 branches of the dungeon, and saw 22 of its levels.
You also visited: Sewer and Ice Cave.

You collected 1939 gold pieces.

Inventory:

Hand Weapons
 r - a +2 demon blade of electrocution
 t - a +2 broad axe of electrocution
 E - the +9 staff of Olgreb (weapon) {rPois}
   (You found it on level 6 of the Dungeon)

   It protects you from poison.
 S - the cursed +2 rapier of Kokkoif {drain, rF+ MR+, unknown}
   (You found it on level 1 of the Lair of Beasts)

   A truly terrible weapon, it drains the life of those it strikes.
   It protects you from fire.
   It affects your resistance to hostile enchantments.
   It has a curse placed upon it.
   The Shining One disapproves of the use of such an item.
Armour
 a - a +1 cloak (worn)
 c - a +0 shield (worn)
 e - a +0 plate armour (worn)
 h - a +2 pair of boots of running (worn)
 n - a +0 pair of gloves of dexterity (worn)
 Z - a +0 helmet (worn)
Jewellery
 v - an uncursed amulet of magic regeneration {unknown}
 C - a ring of protection from cold (right hand)
 F - a ring of protection from cold (left hand)
 G - an amulet of regeneration (around neck)
 I - an uncursed amulet of rage
 Q - an uncursed amulet of the gourmand
Wands
 b - a wand of digging (19)
 k - a wand of acid (11)
 y - a wand of disintegration (40)
 D - a wand of enslavement (10)
 L - a wand of iceblast (51)
 P - a wand of polymorph (11)
Scrolls
 d - 6 scrolls of remove curse
 l - 12 scrolls of teleportation
 m - 4 scrolls of identify
 q - 5 scrolls of enchant weapon
 s - a scroll of magic mapping
 u - a scroll of summoning
 H - a scroll of blinking
Potions
 i - 9 potions of curing
 j - a potion of magic
 o - a potion of cancellation
 p - a potion of heal wounds
 w - 2 potions of agility
 x - 4 potions of haste
 A - a potion of ambrosia
 B - 3 potions of resistance
 K - a potion of berserk rage
Miscellaneous
 V - 2 boxes of beasts
Comestibles
 f - 28 rations
 g - 11 chunks of flesh


   Skills:
 + Level 12.8 Fighting
   Level 11.0(11.6) Maces & Flails
 * Level 6.1(9.4) Staves
 + Level 13.0 Armour
 + Level 9.8 Dodging
 + Level 12.8 Shields
 + Level 4.5 Invocations
 - Level 7.8 Evocations


You had 14 spell levels left.
You didn't know any spells.
Your spell library contained the following spells:

 Spells                   Type           Power        Failure   Level  Hunger
 Corona                   Hex            #......      99%         1    ##.....
 Flame Tongue             Conj/Fire      #....        99%         1    ##.....
 Magic Dart               Conj           #...         99%         1    ##.....
 Summon Butterflies       Summ           #.......     99%         1    ##.....
 Blink                    Tloc           N/A          99%         2    ###....
 Call Imp                 Summ           #.......     99%         2    ###....
 Ensorcelled Hibernation  Hex/Ice        #.....       99%         2    ###....
 Searing Ray              Conj           #.....       99%         2    ###....
 Slow                     Hex            #.......     99%         2    ###....
 Throw Flame              Conj/Fire      #.....       99%         2    ###....
 Call Canine Familiar     Summ           #.......     100%        3    ####...
 Confuse                  Hex            #.......     100%        3    ####...
 Conjure Flame            Conj/Fire      #.......     100%        3    ####...
 Dazzling Spray           Conj/Hex       #.....       100%        3    ####...
 Inner Flame              Hex/Fire       #.......     100%        3    ####...
 Lesser Beckoning         Tloc           #.........   100%        3    ####...
 Mephitic Cloud           Conj/Pois/Air  #.......     100%        3    ####...
 Recall                   Summ/Tloc      N/A          100%        3    ####...
 Tukima's Dance           Hex            #.......     100%        3    ####...
 Force Lance              Conj/Tloc      #.......     100%        4    #####..
 Fulminant Prism          Conj/Hex       #.........   100%        4    #####..
 Iskenderun's Mystic Bla  Conj           #.......     100%        4    #####..
 Sticky Flame             Conj/Fire      #.......     100%        4    #####..
 Summon Ice Beast         Ice/Summ       #.......     100%        4    #####..
 Fireball                 Conj/Fire      #.........   100%        5    ######.
 Summon Mana Viper        Hex/Summ       #.......     100%        5    ######.
 Deflect Missiles         Chrm/Air       #.........   100%        6    #######
 Summon Hydra             Summ           #.........   100%        7    #######
 Disjunction              Tloc           #.........   100%        8    #######


Dungeon Overview and Level Annotations

Branches:
Dungeon (13/15)            Temple (1/1) D:4            Lair (6/6) D:8
  Swamp (0/4) Lair:2       Spider (0/4) Lair:2        Slime (0/5) Lair:5
    Orc (2/2) D:11         Vaults (0/5) D:13
    Elf: Orc:2

Altars:
Ashenzari
Cheibriados
Dithmenos
Elyvilon
Fedhas
Gozag
Hepliaklqana
Kikubaaqudgha
Makhleb
Nemelex Xobeh
Okawaru
Qazlal
Ru
Sif Muna
Trog
Uskayaw
Vehumet
Wu Jian
Xom
Yredelemnul
Zin
The Shining One

Shops:
D:4 !   D:10 !:*%   Orc:2 %

Annotations:
D:4 Sigmund
D:5 1 runed translucent door, Crazy Yiuf
D:6 Duvessa
D:7 1 runed translucent door
Lair:6 3 runed translucent doors, Curus's ghost, journeyman HOBe
Orc:1 2 runed translucent doors, Bodigarde's ghost, adept MiBe


Innate Abilities, Weirdness & Mutations

You are resistant to torment.
Your stone body is resilient. (AC +11)
You are immune to poison.
Your large and strong wings let you fly indefinitely.
You resist negative energy. (rN+)
You are resistant to electric shocks. (rElec)
You can survive without breathing.
You are immune to petrification.
You are immune to rotting.


Message History

You sock the orc priest!
The orc priest looks even sicker.
The orc priest is almost dead.
The orc priest hits you but does no damage.
You hit the orc priest.
You kill the orc priest!
The Shining One accepts your kill. The troll barely misses you.
The troll claws you.
* * * LOW HITPOINT WARNING * * *
You block the troll's attack.
The two-headed ogre hits you with a +0 giant club!
* * * LOW HITPOINT WARNING * * *
The two-headed ogre closely misses you.
Unknown command.
You hit the two-headed ogre but do no damage.
The two-headed ogre looks as sick as possible!
The two-headed ogre is severely wounded.
The troll barely misses you. You block the troll's attack. The troll claws you.
* * * LOW HITPOINT WARNING * * *
The two-headed ogre hits you with a +0 giant club!
You die...

### ####### ###
##.#####.##..########.##
#....##.......#.#......#
##.....................###
.).......................##
##)[##....................#
#....##................#.##
##........#..#.)T[.....###
####.[..#......[@.....##
.......#.......O))..###
.....###.)..........####
......#.....#.##.....#.##
..#........#....##......#
..###.....##.....#......##
..##..#..#.##............##
............##.....##.#...#
...........######.###.#...#


You could see a two-headed ogre and a troll.

Vanquished Creatures
  Frances (D:12)
  A reaper (IceCv)
  A stone giant (Orc:1)
  Snorg (Lair:4)
  2 ogre magi
  6 hydras
  5 vault guards (D:13)
  3 catoblepae (Lair:6)
  9 two-headed ogres
  6 death yaks (Lair:6)
  Sonja (Lair:3)
  Urug (D:11)
  A deep elf knight (D:13)
  3 unseen horrors
  A deep troll (Orc:1)
  Pikel (D:5)
  2 orc knights (Orc:1)
  2 orc sorcerers (Orc:1)
  A wolf spider (Lair:2)
  An ugly thing (D:12)
  A cyclops (D:13)
  3 manticores
  Maurice (D:8)
  Joseph (D:8)
  7 elephants
  2 black mambas (Lair:6)
  A molten gargoyle (Lair:1)
  A gargoyle (D:13)
  3 centaur skeletons (D:12)
  2 ice statues (IceCv)
  14 spiny frogs
  A rime drake (Lair:3)
  A kobold demonologist (D:13)
  10 ice devils (IceCv)
  A tengu conjurer (D:12)
  3 komodo dragons
  8 trolls
  A queen bee (Lair:2)
  4 polar bears
  5 slime creatures (D:12)
  Grinder (D:5)
  22 blink frogs
  12 dream sheep (Lair:4)
  A bog body (Lair:2)
  10 hippogriffs
  6 wyverns
  40 yaks
  A vampire (D:10)
  4 basilisks
  A fire elemental (Lair:1)
  3 hogs (D:8)
  2 humans
  A steam dragon (Lair:2)
  2 fire bats
  2 wargs
  2 swamp worms (Lair:2)
  5 soldier ants
  11 water moccasins
  5 porcupines
  28 orc warriors
  2 sky beasts
  4 ice beasts
  3 phantoms
  2 black bears (D:8)
  13 wolves
  14 centaurs
  14 ogres
  A necrophage (D:12)
  6 crocodiles
  3 big kobolds
  Blork the orc (D:5)
  A gnoll sergeant (D:9)
  10 bullfrogs
  A wyvern zombie (D:11)
  A water moccasin skeleton (D:8)
  5 scorpions
  Dowan (D:6)
  35 killer bees
  2 howler monkeys
  2 lava snakes (Lair:1)
  3 electric eels (Lair:2)
  3 crimson imps
  2 bullfrog zombies
  6 centaur zombies
  8 hounds
  5 jellies
  15 orc priests
  A bullfrog skeleton (D:5)
  17 orc wizards
  An iguana (D:7)
  12 worker ants
  6 hell rats (Lair:5)
  A hound skeleton (D:4)
  A hound zombie (D:11)
  3 worker ant zombies
  7 gnolls
  16 adders
  3 river rats (Sewer)
  3 shadow imps
  22 white imps
  7 ufetubi (IceCv)
  2 oozes
  An adder zombie (D:5)
  4 worms (D:3)
  7 dart slugs
  3 leopard geckos
  79 orcs
  7 bats
  6 giant cockroaches
  5 goblins
  4 hobgoblins
  12 jackals
  23 kobolds
  7 quokkas
  A ball python (D:3)
  2 frilled lizards
  A jackal skeleton (D:5)
  A quokka skeleton (D:4)
  14 rats
  3 rat zombies (D:5)
  A fungus (Lair:5)
724 creatures vanquished.

Vanquished Creatures (others)
  2 white imps (IceCv)
  An ufetubus (IceCv)
  2 fungi
  2 plants (Lair:6)
7 creatures vanquished.

Grand Total: 731 creatures vanquished

Notes
Turn   | Place    | Note
-------+----------+-------------------------------------------
     0 | D:1      | shadizar the Gargoyle Fighter began the quest for the Orb.
     0 | D:1      | Reached XP level 1. HP: 14/14 MP: 1/1
   156 | D:1      | Reached XP level 2. HP: 11/19 MP: 2/2
   521 | D:1      | Reached XP level 3. HP: 23/23 MP: 3/3
   872 | D:2      | Reached skill level 1 in Dodging
  1096 | D:2      | Reached XP level 4. HP: 26/29 MP: 4/4
  1430 | D:3      | Reached skill level 4 in Armour
  1437 | D:3      | Reached XP level 5. HP: 29/33 MP: 5/5
  1823 | D:3      | Found a glowing drain.
  1867 | Sewer    | Entered a sewer
  2112 | Sewer    | Noticed a big kobold
  2208 | Sewer    | Killed a big kobold
  2208 | Sewer    | Reached XP level 6. HP: 19/39 MP: 6/6
  2365 | Sewer    | Found a white marble altar of Elyvilon.
  3070 | D:4      | Reached XP level 7. HP: 27/44 MP: 7/7
  3148 | D:4      | Found a staircase to the Ecumenical Temple.
  3185 | Temple   | Entered the Ecumenical Temple
  3446 | D:4      | Found Eqautow's Distillery.
  3613 | D:4      | Reached skill level 5 in Armour
  3740 | D:4      | Noticed Sigmund
  3769 | D:5      | Entered Level 5 of the Dungeon
  3771 | D:5      | Noticed Blork the orc
  3783 | D:5      | Killed Blork the orc
  3783 | D:5      | Reached skill level 5 in Shields
  3796 | D:5      | Reached skill level 5 in Fighting
  3982 | D:5      | Found a stormy altar of Qazlal.
  4029 | D:5      | Noticed Pikel
  4062 | D:5      | Killed Pikel
  4062 | D:5      | Reached XP level 8. HP: 42/51 MP: 8/8
  4144 | D:5      | Found a runed translucent door.
  4145 | D:5      | Noticed Crazy Yiuf
  4267 | D:5      | Noticed Grinder
  4286 | D:5      | Paralysed by Grinder for 4 turns
  4309 | D:5      | Paralysed by Grinder for 6 turns
  4324 | D:5      | Killed Grinder
  4324 | D:5      | Reached skill level 5 in Maces & Flails
  4324 | D:5      | Reached skill level 6 in Armour
  4354 | D:5      | Found an ancient bone altar of Kikubaaqudgha.
  4918 | D:6      | Noticed Duvessa
  4918 | D:6      | Noticed Dowan
  4928 | D:6      | Killed Dowan
  4928 | D:6      | Reached XP level 9. HP: 48/56 MP: 9/9
  5058 | D:6      | Found a shattered altar of Ashenzari.
  5058 | D:6      | Found the +9 staff of Olgreb {rPois}
  5066 | D:6      | Found a runed translucent door.
  5271 | D:6      | Found a runed translucent door.
  5286 | D:6      | Found a runed translucent gate.
  5288 | D:6      | Found a runed translucent gate.
  5288 | D:6      | Found a runed translucent gate.
  5726 | D:7      | Noticed a sixfirhy
  5727 | D:7      | Found a runed translucent door.
  5962 | D:7      | Reached skill level 7 in Armour
  6297 | D:7      | Killed an unseen horror
  6297 | D:7      | Reached skill level 5 in Dodging
  6297 | D:7      | Reached XP level 10. HP: 12/63 MP: 10/10
  6596 | D:8      | Noticed Joseph
  6657 | D:8      | Killed Joseph
  7153 | D:8      | Reached skill level 8 in Armour
  7592 | D:9      | Reached skill level 1 in Evocations
  7913 | D:9      | Noticed a two-headed ogre
  8336 | D:8      | Found a staircase to the Lair.
  8371 | D:8      | Reached XP level 11. HP: 49/69 MP: 12/12
  8521 | D:8      | Noticed Maurice
  8737 | D:8      | Found a burning altar of Makhleb.
  8746 | D:8      | Found a bloodstained altar of Trog.
  8814 | D:8      | Found a glowing golden altar of the Shining One.
  8881 | D:8      | Killed Maurice
  8955 | D:8      | Became a worshipper of the Shining One
  9060 | D:8      | Noticed a two-headed ogre
  9081 | D:8      | Killed a two-headed ogre
  9081 | D:8      | Reached skill level 9 in Armour
  9173 | D:9      | Killed a two-headed ogre
  9864 | D:10     | Entered Level 10 of the Dungeon
  9865 | D:10     | Found Xaehur Vucu's Food Boutique.
 10038 | D:10     | Found Reepatwi's Distillery.
 10058 | D:10     | Found Zehi's Book Shop.
 10088 | D:10     | Found Haytitt's General Store.
 10866 | D:11     | Reached * piety under the Shining One
 10869 | D:11     | Found a staircase to the Orcish Mines.
 11144 | D:11     | Noticed an unseen horror
 11165 | D:11     | Killed an unseen horror
 11323 | D:11     | Noticed a two-headed ogre
 11333 | D:11     | Killed a two-headed ogre
 11554 | D:11     | Noticed Urug
 11688 | D:11     | Killed Urug
 11688 | D:11     | Reached XP level 12. HP: 19/77 MP: 15/15
 11906 | Lair:1   | Entered Level 1 of the Lair of Beasts
 12304 | Lair:1   | Got a steaming rapier
 12325 | Lair:1   | Reached skill level 10 in Armour
 12415 | Lair:1   | Got a steaming ring mail
 12578 | Lair:1   | You fall through a shaft!
 13039 | Lair:2   | Found a hole to the Spider Nest.
 13057 | Lair:2   | Reached skill level 10 in Fighting
 13057 | Lair:2   | Reached skill level 10 in Shields
 13339 | Lair:2   | Reached skill level 5 in Evocations
 13585 | Lair:2   | Reached ** piety under the Shining One
 13881 | Lair:2   | Found a staircase to the Swamp.
 14423 | Lair:2   | Reached XP level 13. HP: 44/83 MP: 17/17
 14847 | Lair:3   | Noticed Sonja
 14921 | Lair:3   | Killed Sonja
 15078 | Lair:3   | Identified Yrghez's Tome of Helpful Translocation
 15643 | Lair:4   | Reached skill level 11 in Armour
 16363 | Lair:5   | Found a staircase to the Slime Pits.
 16462 | Lair:5   | Reached *** piety under the Shining One
 16478 | Lair:5   | Noticed Snorg
 16517 | Lair:4   | Killed Snorg
 16517 | Lair:4   | Reached skill level 10 in Maces & Flails
 17291 | Lair:5   | Reached **** piety under the Shining One
 17542 | Lair:6   | Entered Level 6 of the Lair of Beasts
 17737 | Lair:6   | Gained mutation: Your large and strong wings let you fly
                  | indefinitely. [Gargoyle growth]
 17737 | Lair:6   | Reached XP level 14. HP: 80/90 MP: 19/19
 17745 | Lair:6   | Found a runed translucent gate.
 17746 | Lair:6   | Found a runed translucent gate.
 17747 | Lair:6   | Found a runed translucent gate.
 17780 | Lair:6   | Noticed Curus's ghost (journeyman HOBe)
 17781 | Lair:6   | Identified the +6 shortbow of the Enemy {flame, Str+4}
 18816 | Lair:6   | Reached skill level 12 in Armour
 20403 | D:12     | Found a frozen archway.
 20435 | IceCv    | Entered an ice cave
 20474 | IceCv    | Reached ***** piety under the Shining One
 20726 | IceCv    | Reached skill level 1 in Staves
 20759 | IceCv    | Identified a +2 pair of boots of running (You found it in
                  | an ice cave)
 20851 | IceCv    | Reached skill level 1 in Invocations
 20927 | IceCv    | Noticed a reaper
 20967 | IceCv    | Killed a reaper
 21439 | D:12     | Noticed Frances
 21459 | D:12     | Killed Frances
 21459 | D:12     | Reached XP level 15. HP: 81/97 MP: 20/20
 22578 | D:13     | Got a pearl-encrusted scale mail
 22875 | D:13     | Paralysed by an ogre mage for 5 turns
 22889 | D:12     | Reached ****** piety under the Shining One
 22998 | D:13     | Found a gate to the Vaults.
 23238 | Orc:1    | Entered Level 1 of the Orcish Mines
 23261 | D:11     | Identified the +3 ring mail of Inviolability {Dex+5} (You
                  | found it on level 1 of the Lair of Beasts)
 23271 | D:11     | Identified the +0 scale mail "Eqiasm" {Int+2} (You found it
                  | on level 13 of the Dungeon)
 23675 | Orc:1    | Reached skill level 5 in Staves
 23686 | Orc:1    | Found a large runed translucent door.
 23687 | Orc:1    | Found a large runed translucent door.
 23690 | Orc:1    | Noticed Bodigarde's ghost (adept MiBe)
 24090 | Orc:2    | Entered Level 2 of the Orcish Mines
 24090 | Orc:2    | Found Quireakh's Food Shop.
 24932 | Orc:1    | Reached skill level 13 in Armour
 25043 | Orc:1    | Slain by a two-headed ogre

Skill      XL: |  1  2  3  4  5  6  7  8  9 10 11 12 13 14 15 |
---------------+----------------------------------------------+-----
Dodging        | 1 2 3 4 5 6 7 8 9 |  9.8
Armour         | 4 5 6 7 8 9 10 11 12 13 | 13.0
Fighting       | 4 5 6 7 8 9 10 11 12 | 12.8
Shields        | 4 5 6 7 8 9 10 11 12 | 12.8
Maces & Flails | 3 4 5 6 7 8 9 10 11 | 11.0
Evocations     | 2 4 5 7 |  7.8
Staves         | 3 6 |  6.1
Invocations    | 2 4 |  4.5

Action                   |  1- 3 |  4- 6 |  7- 9 | 10-12 | 13-15 || total
-------------------------+-------+-------+-------+-------+-------++-------
Melee: Flail             |   141 |   324 |   127 |       |       ||   592
       Whip              |       |       |   363 |  1574 |  1463 ||  3400
       Staff             |       |       |       |       |  1094 ||  1094
Invok: Divine Shield     |       |       |       |       |     5 ||     5
 Abil: Fly               |       |       |       |       |     1 ||     1
  Use: Potion            |       |       |     2 |     2 |     4 ||     8
       Scroll            |       |       |     2 |    17 |     9 ||    28
  Eat: Chunk             |       |     6 |    15 |    24 |    34 ||    79
       Ration            |       |     1 |       |       |     1 ||     2
Armor: Scale mail        |   104 |   148 |   113 |       |       ||   365
       Plate armour      |       |       |   122 |   665 |  1319 ||  2106
Dodge: Dodged            |    68 |   102 |   121 |   342 |   804 ||  1437
Block: Shield            |   124 |   148 |   221 |   752 |  1543 ||  2788
